 Dungeon Crawl Stone Soup version 0.31-a0-1074-g0b22e4e0f1 (webtiles) character file.

Game seed: 1459814475040335367

122 hikkokomori the Gusty (level 5, -12/30 HPs)
             Began as a Tengu Air Elementalist on Nov 28, 2023.
             Mangled by a sleepcap (14 damage)
             ... on level 3 of the Dungeon.
             The game lasted 00:05:59 (2948 turns).

hikkokomori the Gusty (Tengu Air Elementalist)      Turns: 2948, Time: 00:06:00

Health: -12/30     AC:  2    Str:  8      XL:     5   Next: 6%
Magic:  5/10       EV:  2    Int: 14 (17) God:
Gold:   131        SH:  0    Dex: 12 (15) Spells: 6/9 levels left

rFire   . . .        e - +0 rapier
rCold   . . .        (no shield)
rNeg    . . .        a - +0 robe
rPois   +            (helmet restricted)
rElec   .            (no cloak)
rCorr   .            (no gloves)
SInv    .            (boots unavailable)
Will    .....        (no amulet)
Stlth   ++           d - ring of poison resistance
HPRegen 0.25/turn    (no ring)
MPRegen 0.12/turn

%: acrobat
@: sleeping
A: beak, talons 3, acrobatic
a: no special abilities


You were on level 3 of the Dungeon.
You visited 1 branch of the dungeon, and saw 3 of its levels.

You collected 131 gold pieces.

Inventory:

Hand Weapons
 e - a +0 rapier (weapon)
Armour
 a - a +0 robe (worn)
 f - a +0 cloak
Magical Staves
 c - a staff of death
Jewellery
 d - a ring of poison resistance (left hand)
 n - a +6 ring of intelligence
Scrolls
 b - a scroll of butterflies {unknown}
 i - 2 scrolls of identify {unknown}
 j - a scroll of enchant armour {unknown}
 k - a scroll of brand weapon {unknown}
 m - a scroll of poison {unknown}
 p - a scroll of enchant weapon {unknown}
Potions
 g - a potion of degeneration
 h - a potion of resistance {unknown}
 l - a potion of curing {unknown}
 o - 2 potions of heal wounds {unknown}


   Skills:
 + Level 1.7 Fighting
 - Level 2.1 Dodging
 + Level 2.9 Stealth
 + Level 2.6 Spellcasting
 + Level 3.0 Conjurations
 + Level 4.9 Air Magic


You had 6 spell levels left.
You knew the following spells:

 Your Spells              Type           Power      Damage    Failure   Level
a - Shock                 Conj/Air       52%        1d6       4%          1
b - Static Discharge      Conj/Air       26%        3-5/arc   7%          2

Your spell library contained the following spells:

 Spells                   Type           Power      Damage    Failure   Level
 Swiftness                Air            15%        N/A       9%          3
 Airstrike                Air            7%         2d(2-18)  28%         4
 Call Canine Familiar     Summ           1%         N/A       54%         3
 Sigil of Binding         Hex            1%         N/A       54%         3
 Dimensional Bullseye     Hex/Tloc       0%         N/A       91%         4
 Leda's Liquefaction      Hex/Erth       0%         N/A       91%         4


Dungeon Overview and Level Annotations

Branches:
Dungeon (3/15)

Altars:

Shops:
D:3 *


Innate Abilities, Weirdness & Mutations

You have a beak for a mouth.
You have claws for feet.
You can magically evade attacks while moving or waiting.


Message History

Aiming: Shock (safe; 4% risk of failure)
Press: ? - help, Shift-Dir - straight line, p - sleepcap The zap hits the sleepcap but does no damage.
The sleepcap is heavily damaged.
The zap hits the sleepcap.
The sleepcap is heavily damaged.
The sleepcap misses you.
Casting: Shock (safe; 4% risk of failure)
Confirm with . or Enter, or press ? or * to list all spells.
Aiming: Shock (safe; 4% risk of failure)
Press: ? - help, Shift-Dir - straight line The zap hits the sleepcap.
The sleepcap is severely damaged.
The zap hits the sleepcap.
The sleepcap is almost destroyed.
The sleepcap releases spores at you.
* * * LOW HITPOINT WARNING * * *
You are engulfed in a cloud of soporific spores!
You are unaffected.
The sleepcap attacks as it pursues you! The sleepcap closely misses you.
The sleepcap attacks as it pursues you! The sleepcap closely misses you.
The sleepcap attacks as it pursues you! The sleepcap barely misses you.
Casting: Shock (safe; 4% risk of failure)
Confirm with . or Enter, or press ? or * to list all spells.
You don't know that spell.
The sleepcap attacks as it pursues you! The sleepcap completely misses you.
Casting: Shock (safe; 4% risk of failure)
Confirm with . or Enter, or press ? or * to list all spells.
Aiming: Shock (safe; 4% risk of failure)
Press: ? - help, Shift-Dir - straight line The zap hits the sleepcap but does no damage.
The sleepcap is almost destroyed.
The zap hits the sleepcap but does no damage.
The sleepcap is almost destroyed.
The sleepcap releases spores at you.
* * * LOW HITPOINT WARNING * * *
You are engulfed in a cloud of soporific spores!
You fall asleep.
The sleepcap releases spores at you!
You die...

#.# #...# #.#.##.#.............
#.# #...# #.#.##.#.....####....
#.# #...# #.#....#..#..####.##.
#.####...####.#.##.#.............
......................#.#..##....
...>....###...................#..
#.####......###.##.####....##.#..
..## #......# #f##.#.....#.##.#..
...# #......# #.@.....#.##.##.#..
#.####......###.##.....).........
......................#.#####.#..
#.####...##.###.##..#.#.# #....
#.####...##.###.##..#.#.#######..
.........+.......................
..###....##..##...............#..
#.####.####..##.#...#.#.#####.#..
..#....## #..##.#.......# #.#..


You could see a sleepcap.

Vanquished Creatures
  3 gnolls (D:3)
  2 adders
  3 worms
  A dart slug (D:1)
  5 orcs
  3 endoplasms
  2 giant cockroaches
  8 goblins
  4 hobgoblins
  5 kobolds
  3 quokkas
  4 ball pythons
  5 bats
  8 frilled lizards
  4 rats
60 creatures vanquished.

Notes
Turn   | Place    | Note
-------+----------+-------------------------------------------
     0 | D:1      | hikkokomori the Tengu Air Elementalist began the quest for
                  | the Orb.
     0 | D:1      | Reached XP level 1. HP: 10/10 MP: 4/4
   171 | D:1      | Reached XP level 2. HP: 16/16 MP: 0/6
   770 | D:2      | Learned a level 2 spell: Static Discharge
   785 | D:2      | Reached XP level 3. HP: 20/20 MP: 7/7
   842 | D:2      | Reached skill level 1 in Fighting
   922 | D:2      | Found a faded altar of an unknown god.
  1135 | D:2      | Identified the +3 ring mail "Onenouz" {rElec Str+3 Slay+2}
  1840 | D:2      | Reached XP level 4. HP: 25/25 MP: 5/8
  2416 | D:3      | Reached XP level 5. HP: 30/30 MP: 0/9
  2720 | D:3      | Found Ganiets's General Store.
  2948 | D:3      | Mangled by a sleepcap

Illustrated notes

Levels and vault maps discovered:
D:1:      dpeg_cavernosity, layout_basic
D:2:      layout_loops_corners, ebering_ecumenical_altar_webs,
          minmay_heptomino_h4
D:3:      layout_basic, serial_glass, glass_columns_b, glass_columns_a,
          serial_shops, nicolae_shop_just_a_little_nook

Skill      XL: |  1  2  3  4  5 |
---------------+----------------+-----
Conjurations   | 2 3 |  3.0
Fighting       | 1 |  1.7
Dodging        | |  2.1
Stealth        | |  2.9
Spellcasting   | |  2.6
Air Magic      | |  4.9

Action                     |  1- 3 |  4- 6 || total
---------------------------+-------+-------++-------
  Melee: Staff             |     3 |       ||     3
         Kick              |     9 |     3 ||    12
         Rapier            |    25 |    18 ||    43
         Peck              |     4 |     4 ||     8
         Punch             |     1 |       ||     1
   Cast: Shock             |    53 |    48 ||   101
         Static Discharge  |     1 |     1 ||     2
    Use: Potion            |       |     2 ||     2
   Stab: Sleeping          |     4 |     1 ||     5
 Armour: Robe              |    17 |    13 ||    30
  Dodge: Dodged            |    15 |    29 ||    44

Table legend: (Time is in decaauts)
 A = Elapsed time spent in this place.
 B = Non-inter-level travel time spent in this place.
 C = Inter-level travel time spent in this place.
 D = Time resting spent in this place.
 E = Time spent auto-exploring this place.
 F = Levels seen in this place.
 G = Mean time per level.
                   A        B        C        D        E       F      G
               +--------+--------+--------+--------+--------+-----+--------+
         Total |   2955 |   2896 |     59 |     20 |   2478 |   3 |  985.0 |
       Dungeon |   2955 |   2896 |     59 |     20 |   2478 |   3 |  985.0 |
               +--------+--------+--------+--------+--------+-----+--------+

Top non-repeatable levels by time:
     D:2: 1283 daAuts
     D:3: 904 daAuts
     D:1: 768 daAuts
